← All builds
Tech / Legion / Economy first / OBSERVED BUILD

Standard tech

Legion Tech (Eco) build order · Supreme Isthmus

Rushes a Legion Bot Lab around 1:13 into an Advanced Bot Lab by 4:08, reclaiming the starting labs for metal, then upgrades mexes and adds a Fusion Reactor around 10:13 while supplying T2 construction power and Advanced Construction Bots…

Usually first T2 con to Geo (68%)

#t2 #eco #team support · 19 distinct matches · 10 players · 70% of Legion Tech games · team won 47% of 19 · Recently observed

HOW TO PLAY IT

Key timing: T2 lab by 4:08

  1. Grab 3 mex and start wind while opening Legion Bot Lab.
  2. Get Legion Bot Lab up and push early cons out.
  3. Reclaim Legion Bot Lab for metal once it has paid off.
  4. Finish Advanced Bot Lab and start pumping Advanced Construction Bots.
  5. Upgrade mexes first, then scale wind and fus by 10:13.

Phase by phase

TYPICAL OF ITS 19 GAMES
  1. 1
  2. 2
  3. 3
  4. 4
PLAY THE OPENING

Follow the example game's first 6:00 step by step: what to build now, what comes next, and where it goes. At 1× it keeps pace with your own game.

  1. 1

    Up to the Legion Bot Lab

    Economy
    • Metal Extractor3Mex
    • Wind Turbine3Wind
    Order
    1. Legion Bot LabLegion Bot Lab after 3 mex, 3 winddone ~1:15, middle half 1:12–1:17

    By 0:56 in all: 3 mex · 3 wind

    The example game in this phase · 3 steps
    1. Mex ×3
    2. Wind ×4
    3. Legion Bot LabLegion Bot Labdone 1:20 · typical 1:15
  2. 2

    Legion Bot Lab to Legion Advanced Bot Lab

    Economy
    • Metal Extractor1Mex
    • Wind Turbine8Wind
    • Energy Converter1Converter
    Order
    1. Legion Advanced Bot LabLegion Advanced Bot Lab after 4 mex, 11 wind, 2 con turretdone ~4:28, middle half 4:16–4:44
    Builders
    • Construction Turret2 Con turret
    • Legion Construction Bot3 Legion Construction Bot
    • Zagreus3 Zagreus

    Some games also: energy storage (42%) · Legion Construction Bot for allies (37%)

    By 3:03 in all: 4 mex · 11 wind · 1 converter · 2 con turret

    The example game in this phase · 34 steps
    1. ZagreusZagreus
    2. Wind
    3. ZagreusZagreus
    4. Wind
    5. Legion Construction BotLegion Construction Bot
    6. Legion Construction BotLegion Construction Botfor Air
    7. Con turret
    8. Legion Construction BotLegion Construction Bot ×2
    9. Wind
    10. Con turret
    11. Mex
    12. Overcharged Metal Extractor
    13. Wind
    14. Energy storage
    15. Con turret
    16. Wind ×2
    17. ZagreusZagreus
    18. Wind ×3
    19. Overcharged Metal Extractor
    20. Converter ×2
    21. Wind ×2
    22. Legion Bot LabEat Legion Bot Labreclaimed for its metal
    23. Converter
    24. Overcharged Metal Extractor
    25. Converter
    26. Wind ×2
    27. Converter ×2
    28. Con turret
    29. Wind ×2
    30. Con turret
    31. Wind
    32. Con turret
    33. Wind
    34. Legion Advanced Bot LabLegion Advanced Bot Labdone 5:32 · typical 4:28
  3. 3

    Legion Advanced Bot Lab to 5:00

    Economy
    • Wind Turbine3Wind
    • Energy Converter2Converter
    Order
    1. Legion Bot LabEat Legion Bot Lab
    Builders
    • Advanced Construction Bot1 T2 con bot for allies

    By 5:00 in all: 4 mex · 17 wind · 4 converter · 2 con turret

  4. 4

    5:00 to 10:00

    Economy
    • Wind Turbine19Wind
    • Energy Converter2Converter
    Builders
    • Construction Turret5 Con turret
    • Advanced Construction Bot4 T2 con bot for allies
    • Proteus1 Proteus
    • Advanced Construction Bot1 T2 con bot

    Some games also: Advanced Fusion Reactor (47%)

    By 10:00 in all: 4 mex · 34 wind · 6 converter · 8 con turret

    The example game in this phase · 128 steps
    1. Wind ×2
    2. Advanced Construction BotT2 con botfor Air
    3. Wind ×2
    4. Advanced Metal ExtractorT2 mexdone 6:35 · typical 5:40
    5. Wind ×3
    6. Advanced Construction BotT2 con bot ×2
    7. Advanced Construction BotT2 con botfor Beach sea
    8. Wind ×8
    9. Advanced Metal ExtractorT2 mex
    10. Wind
    11. Advanced Metal ExtractorT2 mex
    12. Wind
    13. Advanced Construction BotT2 con bot
    14. Wind
    15. Advanced Metal ExtractorT2 mex
    16. Advanced Construction BotT2 con botfor Pond
    17. Wind
    18. Advanced Construction BotT2 con botfor Geo sea
    19. Wind
    20. Advanced Construction BotT2 con bot
    21. Wind
    22. ProteusProteus
    23. Wind
    24. ProteusProteus
    25. Wind
    26. ProteusProteus
    27. Wind
    28. ProteusProteus
    29. Wind
    30. Con turret
    31. AegisAegisdone 12:36
    32. IchnaeaIchnaea
    33. ProteusProteus
    34. Wind ×4
    35. ProteusProteus
    36. Wind
    37. Con turret
    38. Wind
    39. IchnaeaIchnaea
    40. Wind
    41. Converter
    42. ProteusProteus
    43. Wind ×3
    44. ProteusProteus
    45. Wind ×3
    46. ProteusProteus
    47. Converter
    48. Wind ×4
    49. ProteusProteus
    50. Wind
    51. Metal storage
    52. Wind ×6
    53. Fusion ReactorFusionnot finished by 15:00
    54. Wind ×2
    55. Converter
    56. Wind ×4
    57. Converter
    58. Wind ×4
    59. Converter
    60. Wind ×4
    61. Converter
    62. Legion Advanced Bot LabEat Legion Advanced Bot Labreclaimed for its metal
    63. Wind ×2
    64. Con turret
    65. Converter
    66. Wind ×4
    67. Converter
    68. Con turret
    69. Wind ×2
    70. Converter
    71. Wind ×2
    72. Con turret
    73. Wind ×2
    74. Converter
    75. Con turret
    76. Wind ×4
    77. Converter
    78. Con turret
    79. Wind ×2
    80. Con turret
    81. Wind ×2
    82. Converter
    83. Legion Construction BotLegion Construction Bot
    84. Wind ×2
    85. EvisceratorEvisceratordone 14:08
    86. Converter
    87. Wind ×4
    88. Converter
    89. Wind ×2
    90. Legion Advanced Bot LabLegion Advanced Bot Labdone 13:30
    91. Converter
    92. Wind ×4
    93. Converter
    94. Wind ×2
    95. Converter
    96. Wind ×2
    97. Advanced Construction BotT2 con bot
    98. Converter
    99. Wind ×2
    100. Converter
    101. Advanced Construction BotT2 con bot
    102. Wind
    103. Converter
    104. Wind ×2
    105. Fusion ReactorFusion
    106. Converter
    107. Wind ×2
    108. Converter
    109. Wind
    110. Legion Advanced Bot LabEat Legion Advanced Bot Labreclaimed for its metal
    111. Wind
    112. Converter
    113. Wind
    114. ChimeraChimera
    115. Wind ×2
    116. Converter
    117. Wind ×2
    118. Converter
    119. Wind ×2
    120. Converter
    121. Wind ×4
    122. Converter
    123. Wind
    124. Advanced Metal FortifierAdvanced Metal Fortifiernot finished by 15:00
    125. Legion Advanced Bot LabLegion Advanced Bot Labnot finished by 15:00
    126. Wind ×2
    127. Converter
    128. Wind ×2

Counts are medians over the build's games: half of them build more, half fewer. The example game is TTVnaughtytoasts's (35 OS, 10/08/2026); pick another.

Team trades

IN AT LEAST 30% OF ITS GAMES

You hand over

  • Legion Construction Bot1 Legion Construction Bot to Airfirst at 2:32 · in 58% of games
  • Advanced Construction Bot5 T2 con bot to Air or Geo sea or Pondfirst at 5:05 · in 100% of games

You get

  • Hercules1 Light transport from Airfirst at 4:16 · in 68% of games

How it plays out

Typical game of this build, running totals by minute

Metal produced

020k40k
0:005:0010:0015:00

metal

Enemy metal destroyed

00.51
0:005:0010:0015:00

metal

Own metal lost

050100150
0:005:0010:0015:00

metal

19 games.

Show as table
ByMetal produced: This buildEnemy metal destroyed: This buildOwn metal lost: This build
1:0038200
2:0091600
3:00171200
4:00293900
5:00441900
6:00563500
7:00706800
8:00923200
9:001119800
10:001366200
11:001815100
12:002076800
13:002378600
14:002802000
15:00339040130
WHAT THE NUMBERS SAY

This is the role's baseline play, winning more often than not while producing far more metal than it loses or destroys, showing its value is team eco, not frontline damage.

  • + Team won most games despite near-zero kills, showing its value is enabling teammates.
  • + Metal output snowballs hugely, 4716 by 5:00 to 24757 by 15:00.
  • − Own metal lost stays low but creeps up to 464 by 15:00, some exposure late.
  • − Nearly all labs get reclaimed, so mistimed reclaim could starve early BP.
THE EXAMPLE YOU ARE READING

TTVnaughtytoasts

34.6 OS · 10/08/2026

Open source match ↗

2 received units
976 metal received · 47343 energy received

Allied construction assistance is unknown. Timings are observations, not a promise of solo reproducibility.

Typical milestones

Legion Bot Lab1:15Middle 50%: 1:12–1:17 · n=19
Legion Advanced Bot Lab4:28Middle 50%: 4:16–4:44 · n=19
Advanced Metal Extractor5:40Middle 50%: 5:12–5:50 · n=19

Played most by

RollingBread8games of this build[Crd]Atlas2games of this buildcelestia_1x2games of this build_X_1game of this buildPlatinumBlonde1game of this build